 Dungeon Crawl Stone Soup version 0.25.1-2-g60ff931df9 (webtiles) character file.

Game seed: 11501649334190512764

1862 Erymatos the Cleaver (level 8, -6/71 HPs)
             Began as a Minotaur Berserker on Nov 12, 2020.
             Was an Elder of Trog.
             Mangled by an orc warrior
             ... wielding a +0 scimitar
              (7 damage)
             ... on level 6 of the Dungeon.
             The game lasted 00:04:35 (4799 turns).

Erymatos the Cleaver (Minotaur Berserker)           Turns: 4799, Time: 00:04:36

Health: -6/71      AC:  6    Str: 31    XL:     8   Next: 90%
Magic:  7/7        EV: 14    Int:  4    God:    Trog [****..]
Gold:   206        SH:  0    Dex: 15    Spells: 7/7 levels left

rFire    . . .     SeeInvis .   a - +0 hand axe
rCold    . . .     Gourm    .   (no shield)
rNeg     . . .     Faith    .   m - +0 ring mail
rPois    .         Spirit   .   (helmet restricted)
rElec    .         Reflect  .   (no cloak)
rCorr    .         Harm     .   (no gloves)
MR       .....                  (no boots)
Stlth    +.........             (no amulet)
HPRegen  0.21/turn              d - +6 ring of strength
MPRegen  0.10/turn              k - +6 ring of dexterity

@: berserk cooldown, slowed, very slow
A: retaliatory headbutt, horns 2
a: Berserk, Trog's Hand, Brothers in Arms, Renounce Religion


You were on level 6 of the Dungeon.
You worshipped Trog.
Trog was greatly pleased with you.
You were near starving.

You visited 1 branch of the dungeon, and saw 6 of its levels.

You collected 206 gold pieces.

Inventory:

Hand Weapons
 a - a +0 hand axe (weapon)
Armour
 m - a +0 ring mail (worn)
Jewellery
 d - a +6 ring of strength (left hand)
 h - an uncursed ring of flight
 k - a +6 ring of dexterity (right hand)
 z - a +6 ring of intelligence
Wands
 o - a wand of digging (2)
 v - a wand of enslavement (8)
 B - a wand of polymorph (8)
 C - a wand of clouds (7)
Scrolls
 b - a scroll of fear {unknown}
 e - 4 scrolls of remove curse {unknown}
 i - 3 scrolls of teleportation {unknown}
 l - 2 scrolls of blinking {unknown}
 n - 3 scrolls of identify {unknown}
 r - a scroll of enchant armour {unknown}
 s - 3 scrolls of fog {unknown}
 w - a scroll of immolation {unknown}
 y - 3 scrolls of amnesia {unknown}
Potions
 f - 4 potions of curing {unknown}
 g - 2 potions of heal wounds {unknown}
 j - a potion of stabbing {unknown}
 p - 2 potions of lignification {unknown}
 q - 3 potions of invisibility {unknown}
 t - a potion of berserk rage {unknown}
 u - 3 potions of haste {unknown}
 x - a potion of brilliance {unknown}
Comestibles
 c - 13 rations


   Skills:
 + Level 6.7 Fighting
 + Level 10.0 Axes
 + Level 7.2 Armour
 + Level 4.7 Dodging
 - Level 0.2 Stealth


You had 7 spell levels left.
You didn't know any spells.
Your spell library was empty.

Dungeon Overview and Level Annotations

Branches:
Dungeon (6/15)             Temple (0/1) D:5

Altars:
Qazlal
Uskayaw
Vehumet


Innate Abilities, Weirdness & Mutations

You reflexively headbutt those who attack you in melee.
You have a pair of horns on your head.


Message History

* * * LOW HITPOINT WARNING * * *
The orc closely misses you.
The orc warrior hits you with a +0 scimitar.
* * * LOW HITPOINT WARNING * * *
The orc closely misses you. You furiously retaliate!
You headbutt the orc!
You kill the orc!
Trog accepts your kill.
The jelly quivers.
The orc priest invokes the aid of Beogh against you.
Beogh smites you!
* * * LOW HITPOINT WARNING * * *
The quasit bites you but does no damage.
The quasit claws you but does no damage. x2
The orc barely misses you. The iguana barely misses you.
There is a stone staircase leading up here.
You see here an adder corpse.
The quasit closely misses you.
The quasit claws you but does no damage. x2
The orc warrior hits you with a +0 scimitar!
You die...

........)......
................
.............J..
........$........
...........?.....
..................
..................
..........@o......
........†5.l...###
........oYo....#
....)..Z..o†$..#
..........>....#
...............#
...........[...#
.....[.........#
...........###..#


You could see an orc warrior, an ice beast, an iguana, a jelly, an orc priest, a
quasit, 2 orcs and a leopard gecko zombie.

Vanquished Creatures
  Pikel (D:4)
  An orc warrior (D:4)
  A sky beast (D:5)
  2 slaves (D:4)
  4 ogres
  3 bullfrogs
  A bullfrog zombie (D:5)
  2 crimson imps (D:5)
  A hound (D:5)
  An orc priest (D:4)
  A centaur skeleton (D:4)
  2 iguanas
  Jessica (D:2)
  A bullfrog skeleton (D:6)
  4 orc wizards
  2 worker ants
  A hound zombie (D:5)
  2 hound skeletons
  A worker ant zombie (D:5)
  6 adders
  A shadow imp (D:5)
  An ooze (D:3)
  3 dart slugs
  17 orcs
  2 giant cockroaches (D:2)
  11 goblins
  6 hobgoblins
  6 jackals
  6 quokkas
  2 ball pythons
  A ball python zombie (D:5)
  12 bats
  5 frilled lizards
  8 kobolds
  A leopard gecko skeleton (D:5)
  2 rats (D:2)
122 creatures vanquished.

Vanquished Creatures (others)
  A slave (D:4)
1 creature vanquished.

Grand Total: 123 creatures vanquished

Notes
Turn   | Place    | Note
-------+----------+-------------------------------------------
     0 | D:1      | Erymatos the Minotaur Berserker began the quest for the
                  | Orb.
     0 | D:1      | Reached XP level 1. HP: 19/19 MP: 0/0
   190 | D:1      | Reached skill level 4 in Axes
   338 | D:1      | Reached XP level 2. HP: 27/27 MP: 1/1
  1122 | D:2      | Reached XP level 3. HP: 33/33 MP: 2/2
  1157 | D:2      | Found a hide-covered altar of Uskayaw.
  1189 | D:2      | Reached ** piety under Trog
  1379 | D:2      | Found a stormy altar of Qazlal.
  1546 | D:2      | Noticed Jessica
  1553 | D:2      | Killed Jessica
  1553 | D:2      | Reached skill level 5 in Axes
  1553 | D:2      | Reached XP level 4. HP: 31/41 MP: 3/3
  2269 | D:3      | Found a radiant altar of Vehumet.
  2290 | D:3      | Reached XP level 5. HP: 44/47 MP: 4/4
  2660 | D:4      | Noticed an ogre
  2665 | D:4      | Killed an ogre
  2691 | D:4      | Reached *** piety under Trog
  2691 | D:4      | Reached XP level 6. HP: 54/55 MP: 5/5
  2693 | D:4      | Noticed a slave
  2696 | D:4      | Noticed Pikel
  2697 | D:4      | Noticed a slave
  2697 | D:4      | Noticed a slave
  2698 | D:4      | Noticed a slave
  2700 | D:4      | Killed a slave
  2707 | D:4      | HP: 2/82 [slave[Pikel] (6)]
  2708 | D:4      | Killed a slave
  2709 | D:4      | Killed Pikel
  2709 | D:4      | Reached skill level 5 in Fighting
  2709 | D:4      | Reached skill level 7 in Axes
  2709 | D:4      | Reached skill level 5 in Armour
  2709 | D:4      | Reached XP level 7. HP: 3/61 MP: 6/6
  3308 | D:4      | Reached skill level 8 in Axes
  3308 | D:4      | Reached XP level 8. HP: 51/70 MP: 7/7
  3700 | D:5      | Entered Level 5 of the Dungeon
  3915 | D:5      | Reached skill level 9 in Axes
  4343 | D:5      | Found a staircase to the Ecumenical Temple.
  4788 | D:6      | Reached **** piety under Trog
  4788 | D:6      | Reached skill level 10 in Axes
  4798 | D:6      | HP: 1/71 [orc priest/divine providence (13)]
  4799 | D:6      | Mangled by an orc warrior

Illustrated notes

Levels and vault maps discovered:
D:1:      psy_arrival_statuary, layout_basic
D:2:      layout_basic, nicolae_qazlal_general_emergency,
          nicolae_overflow_hidden_temple, uniq_jessica
D:3:      layout_rooms, vehumet_crystals, first_ration
D:4:      layout_cave_pools, minmay_ruptured, uniq_pikel
D:5:      layout_cave_pods, temple_fountains, serial_bayou, serial_bayou_ford_a,
          serial_bayou_lake_a, serial_bayou_pond_c, serial_bayou_shore_b,
          corexii_checkpoint_b
D:6:      layout_rooms, minmay_manual_mail, uniq_edmund

Skill      XL: |  1  2  3  4  5  6  7  8 |
---------------+-------------------------+-----
Axes           | 4 5 7 8 10 | 10.0
Fighting       | 4 5 6 |  6.7
Armour         | 3 4 5 6 7 |  7.2
Dodging        | 3 4 |  4.7
Stealth        | |  0.2

Action                   |  1- 3 |  4- 6 |  7- 9 || total
-------------------------+-------+-------+-------++-------
Melee: Hand axe          |    59 |    65 |   114 ||   238
       Headbutt          |    15 |    16 |    37 ||    68
Invok: Trog's Hand       |       |     1 |       ||     1
       Berserk           |       |     1 |     1 ||     2
  Eat: Chunk             |     2 |     4 |     7 ||    13
Armor: Animal skin       |     9 |       |       ||     9
       Ring mail         |    15 |    17 |    27 ||    59
Dodge: Dodged            |    53 |    57 |    81 ||   191
